 Dungeon Crawl Stone Soup version 0.27-a0-860-gaf99fae3ca (webtiles) character file.

Game seed: 7339820100512678662

46 mhtbhm the Ruffian (level 3, -10/33 HPs)
             Began as a Ghoul Monk on Apr 1, 2021.
             Was a Priest of Sif Muna.
             Mangled by an iguana (14 damage)
             ... on level 2 of the Dungeon on Apr 2, 2021.
             The game lasted 00:02:42 (2253 turns).

mhtbhm the Ruffian (Ghoul Monk)                     Turns: 2253, Time: 00:02:44

Health: -10/33     AC:  2    Str: 13 (15) XL:     3   Next: 68%
Magic:  2/2        EV: 12    Int:  5      God:    Sif Muna [***...]
Gold:   81         SH:  0    Dex: 11      Spells: 2/2 levels left

rFire    . . .     SeeInvis .     - Unarmed
rCold    + . .     Faith    .   (no shield)
rNeg     + + +     Spirit   .   a - +0 robe
rPois    ∞         Reflect  .   (no helmet)
rElec    .         Harm     .   (no cloak)
rCorr    .         Rampage  .   (no gloves)
Will     .....                  (no boots)
Stlth    ++........             (no amulet)
HPRegen  0.00/turn              (no ring)
MPRegen  0.08/turn              (no ring)

@: no status effects
A: claws 1, cold resistance 1, negative energy resistance 3, inhibited
regeneration, torment resistance 2, unbreathing 1
a: Renounce Religion, Channel Magic, Forget Spell


You were on level 2 of the Dungeon.
You worshipped Sif Muna.
Sif Muna was most pleased with you.
You visited 1 branch of the dungeon, and saw 2 of its levels.

You collected 81 gold pieces.

Inventory:

Missiles
 b - 2 throwing nets (quivered)
 d - 14 poisoned darts
Armour
 a - a +0 robe (worn)
Jewellery
 e - a ring of fire
Scrolls
 c - 2 scrolls of amnesia {unknown}


   Skills:
 + Level 3.7 Fighting
 + Level 3.1 Dodging
 + Level 2.3 Stealth
 + Level 4.2 Unarmed Combat


You had 2 spell levels left.
You didn't know any spells.
Your spell library was empty.

Dungeon Overview and Level Annotations

Branches:
Dungeon (2/15)

Altars:
Sif Muna

Shops:
D:2 [


Innate Abilities, Weirdness & Mutations

You thrive by killing the living.
You are immune to poison.
You have sharp fingernails.
Your flesh is cold resistant. (rC+)
You are immune to negative energy. (rN+++)
You do not regenerate when monsters are visible.
You are immune to unholy pain and torment.
You can survive without breathing.


Message History

There is an open door here.
Found a crooked jewelled staff.
The iguana hisses angrily.
An iguana is nearby!
You barely miss the iguana. The iguana barely misses you.
You closely miss the iguana. The iguana barely misses you.
You scratch the iguana.
The iguana is moderately wounded.
The iguana barely misses you.
You scratch the iguana but do no damage.
The iguana is moderately wounded.
The iguana closely misses you.
You scratch the iguana but do no damage.
The iguana is moderately wounded.
The iguana bites you!
You scratch the iguana.
The iguana is moderately wounded.
The iguana closely misses you.
You scratch the iguana but do no damage.
The iguana is moderately wounded.
The iguana bites you.
You completely miss the iguana.
The iguana is moderately wounded.
The iguana bites you!
* * * LOW HITPOINT WARNING * * *
You are too injured to fight recklessly!
You are too injured to fight recklessly!
An iguana is nearby!
An iguana is nearby!
Okay, then.
It was a potion of magic.
Magic courses through your body. The iguana completely misses you.
Okay, then.
It was a potion of mutation.
You feel extremely strange.
Your body decomposes!
You feel weakened.
Your body decomposes!
You feel weakened. The iguana bites you!
You die...

#........#
########.# #.# #.#
#.# ##.## #
##...##.####.
####.###............
........@l...#.###..
# .###.####...## # #
.. ##.## # .# #.# #
######.### #+# #
#...l....# #
#.####....# # #.#
.#..# ###.###.....#


You could see an iguana.

Vanquished Creatures
  An adder (D:2)
  3 ball pythons
  2 endoplasms
  3 giant cockroaches (D:1)
  7 hobgoblins
  3 jackals (D:1)
  2 quokkas
  6 bats
  A goblin (D:1)
  2 kobolds
  3 rats (D:1)
33 creatures vanquished.

Notes
Turn   | Place    | Note
-------+----------+-------------------------------------------
     0 | D:1      | mhtbhm the Ghoul Monk began the quest for the Orb.
     0 | D:1      | Reached XP level 1. HP: 19/19 MP: 0/0
   139 | D:1      | Found a faded altar of an unknown god.
   146 | D:1      | You fall into a shaft and drop 1 floor!
   198 | D:2      | Reached XP level 2. HP: 22/26 MP: 1/1
   253 | D:2      | Found Cinoheis's Armour Emporium.
   920 | D:1      | Reached XP level 3. HP: 3/33 MP: 2/2
  1202 | D:1      | Reached skill level 4 in Unarmed Combat
  1325 | D:1      | Became a worshipper of Sif Muna the Loreminder
  1325 | D:1      | Reached * piety under Sif Muna
  1325 | D:1      | Reached ** piety under Sif Muna
  1732 | D:1      | Reached *** piety under Sif Muna
  2253 | D:2      | Mangled by an iguana

Illustrated notes

Levels and vault maps discovered:
D:1:      nzn_arrival_depleted_hourglass, layout_basic, basic_ecumenical_altar,
          minmay_tromino_v4_b
D:2:      layout_loops_corners, serial_shops, shop

Skill      XL: |  1  2  3 |
---------------+----------+-----
Dodging        | 3 |  3.1
Unarmed Combat | 4 |  4.2
Fighting       | |  3.7
Stealth        | |  2.3

Action                   || total
-------------------------++-------
Melee: Unarmed           ||   112
  Use: Potion            ||     2
 Stab: Sleeping          ||     4
Armor: Robe              ||    19
Dodge: Dodged            ||    93

Table legend: (Time is in decaauts)
 A = Elapsed time spent in this place.
 B = Non-inter-level travel time spent in this place.
 C = Inter-level travel time spent in this place.
 D = Time resting spent in this place.
 E = Time spent auto-exploring this place.
 F = Levels seen in this place.
 G = Mean time per level.
                   A        B        C        D        E       F      G
               +--------+--------+--------+--------+--------+-----+--------+
         Total |   2246 |   2246 |      0 |    524 |   1392 |   2 | 1123.0 |
       Dungeon |   2246 |   2246 |      0 |    524 |   1392 |   2 | 1123.0 |
               +--------+--------+--------+--------+--------+-----+--------+

Top non-repeatable levels by time:
     D:1: 1248 daAuts
     D:2: 998 daAuts
